 Dungeon Crawl Stone Soup version 0.27.1-4-g1640c2035a (webtiles) character file.

Game seed: 6938960479290578180

300 gohu the Chopper (level 6, 0/53 HPs)
             Began as a Minotaur Fighter on Nov 14, 2021.
             Slain by Menkaure (12 damage)
             ... in an ossuary.
             The game lasted 00:10:15 (2590 turns).

gohu the Chopper (Minotaur Fighter)                 Turns: 2590, Time: 00:10:16

Health: 0/53       AC:  7    Str: 22    XL:     6   Next: 13%
Magic:  5/5        EV:  7    Int:  5    God:
Gold:   72         SH:  9    Dex: 10    Spells: 5/5 levels left

rFire    . . .     SeeInvis .   j - +0 broad axe
rCold    . . .     Faith    .   c - +0 kite shield
rNeg     . . .     Spirit   .   b - +0 scale mail
rPois    .         Reflect  .   (helmet restricted)
rElec    .         Harm     .   (no cloak)
rCorr    .         Rampage  .   (no gloves)
Will     .....                  (no boots)
Stlth    ..........             (no amulet)
HPRegen  0.17/turn              (no ring)
MPRegen  0.09/turn              (no ring)

@: marked
A: horns 2, retaliatory headbutt
a: no special abilities


You were in an ossuary.
You visited 1 branch of the dungeon, and saw 4 of its levels.
You also visited: Ossuary.

You collected 72 gold pieces.

Inventory:

Hand Weapons
 a - a +0 war axe
 j - a +0 broad axe (weapon)
Missiles
 i - 23 poisoned darts (quivered)
Armour
 b - a +0 scale mail (worn)
 c - a +0 kite shield (worn)
Scrolls
 f - a scroll of teleportation
Potions
 d - a potion of might
 g - a potion of attraction {unknown}
 h - a potion of magic {unknown}
 k - a potion of cancellation {unknown}


   Skills:
 + Level 4.6 Fighting
 * Level 6.2 Axes
 + Level 5.2 Armour
 - Level 3.6 Shields


You had 5 spell levels left.
You didn't know any spells.
Your spell library was empty.

Dungeon Overview and Level Annotations

Branches:
Dungeon (4/15)            Ossuary (1/1)
 Temple: D:4-7

Altars:

Shops:
D:2 ((   D:3 [(

Annotations:
Ossuary Menkaure


Innate Abilities, Weirdness & Mutations

You have a pair of horns on your head.
You reflexively headbutt those who attack you in melee.


Message History

You slash the orc skeleton!
You destroy the orc skeleton!
A kobold skeleton comes into view.
An orc zombie comes into view.
A kobold skeleton comes into view.
You block the hobgoblin skeleton's attack.
You slash the hobgoblin skeleton!
You destroy the hobgoblin skeleton!
A gnoll zombie comes into view.
You slash the orc skeleton!
You destroy the orc skeleton!
You slash the kobold skeleton!
You destroy the kobold skeleton!
You barely miss the orc zombie. The orc zombie barely misses you.
You furiously retaliate!
You headbutt the orc zombie!
The orc zombie hits you but does no damage.
You hit the orc zombie.
You destroy the orc zombie!
Menkaure, Prince of Dust comes into view.
You hit the kobold skeleton.
The kobold skeleton is lightly damaged.
You block the kobold skeleton's attack.
Menkaure mumbles some strange words.
Menkaure seems to speed up.
The kobold skeleton hits you but does no damage.
You barely miss the kobold skeleton.
The kobold skeleton is lightly damaged.
The kobold skeleton closely misses you.
You barely miss the kobold skeleton. You headbutt the kobold skeleton.
You destroy the kobold skeleton!
You slash the gnoll zombie! You headbutt the gnoll zombie.
You destroy the gnoll zombie!
You barely miss Menkaure.
Menkaure calls on the powers of darkness!
Your body is wracked with pain!
Menkaure hits you!
* * * LOW HITPOINT WARNING * * *
You are too injured to fight recklessly!
You are too injured to fight recklessly!
You barely miss Menkaure. Menkaure hits you!
You die...

##..## ##..##..## #..##
##..##..## ..## ##..##..## .##
##..##..## ## ##..##..## #
##..##..## ##..##..#
#######################. ##..##..
................@M...... ##..##^
#############################..##
..............................^.#
#################################


You could see Menkaure (fast).

Vanquished Creatures
  2 scorpions
  A hound skeleton (D:4)
  A mummy (D:4)
  4 adders
  A worm (D:2)
  2 dart slugs
  2 orcs
  6 endoplasms
  3 giant cockroaches
  5 gnoll zombies (Ossuary)
  5 goblins
  8 hobgoblins
  6 jackals
  4 quokkas
  4 ball pythons
  6 bats
  9 frilled lizards
  4 gnoll skeletons (Ossuary)
  2 goblin skeletons (Ossuary)
  4 goblin zombies (Ossuary)
  5 hobgoblin skeletons (Ossuary)
  2 hobgoblin zombies (Ossuary)
  3 kobolds
  5 kobold skeletons (Ossuary)
  2 kobold zombies (Ossuary)
  4 orc skeletons (Ossuary)
  8 orc zombies (Ossuary)
  9 rats
  5 rat skeletons (Ossuary)
  2 rat zombies (Ossuary)
124 creatures vanquished.

Vanquished Creatures (others)
  A fungus (D:1)
  4 plants (D:1)
5 creatures vanquished.

Grand Total: 129 creatures vanquished

Notes
Turn   | Place    | Note
-------+----------+-------------------------------------------
     0 | D:1      | gohu the Minotaur Fighter began the quest for the Orb.
     0 | D:1      | Reached XP level 1. HP: 19/19 MP: 0/0
   234 | D:1      | Reached XP level 2. HP: 27/27 MP: 1/1
   524 | D:2      | Reached skill level 3 in Axes
   743 | D:1      | Reached XP level 3. HP: 32/33 MP: 2/2
   758 | D:1      | Found a faded altar of an unknown god.
   986 | D:2      | Found Zixed's Weapon Boutique.
  1276 | D:2      | Reached XP level 4. HP: 40/40 MP: 3/3
  1350 | D:3      | Found Huazex's Antique Weapon Shoppe.
  1356 | D:3      | Reached skill level 4 in Axes
  1359 | D:3      | Noticed a scorpion
  1387 | D:2      | Killed a scorpion
  1543 | D:3      | Reached XP level 5. HP: 46/47 MP: 4/4
  1711 | D:2      | Found Tafo's Weapon Shoppe.
  1814 | D:3      | Reached skill level 5 in Axes
  1827 | D:3      | Found Jaer's Antique Armour Emporium.
  2105 | D:4      | Reached skill level 5 in Armour
  2152 | D:4      | Found a sand-covered staircase.
  2160 | D:4      | Reached skill level 6 in Axes
  2165 | Ossuary  | Entered an ossuary
  2171 | Ossuary  | Reached XP level 6. HP: 30/53 MP: 5/5
  2584 | Ossuary  | Noticed Menkaure
  2590 | Ossuary  | Slain by Menkaure

Illustrated notes

Levels and vault maps discovered:
D:1:      minmay_arrival_open_corners, layout_basic,
          shapermc_ecumenical_altar_ellora
D:2:      layout_rooms, serial_shops, shop, shop, minmay_strange_pillars,
          minmay_lizard_pond
D:3:      layout_rooms, serial_shops, shop, shop, shop, hangedman_decor_push,
          kennysheep_doodads
D:4:      layout_cave_pools, mainiacjoe_overflow_tiny_flanked,
          nicolae_wu_jian_wuxing_cycle, gup_ossuary_entry_pyramid
Ossuary:  ossuary_due_pyramid

Skill      XL: |  1  2  3  4  5 |
---------------+----------------+-----
Armour         | 4 5 |  5.2
Fighting       | 4 |  4.6
Axes           | 3 4 6 |  6.2
Shields        | |  3.6

Action                   |  1- 3 |  4- 6 || total
-------------------------+-------+-------++-------
Melee: War axe           |    98 |    20 ||   118
       Headbutt          |    12 |    21 ||    33
       Broad axe         |       |   120 ||   120
Throw: Dart              |     3 |     5 ||     8
  Use: Scroll            |       |     4 ||     4
Armor: Scale mail        |    41 |    46 ||    87
Dodge: Dodged            |    36 |    33 ||    69
Block: Kite shield       |    46 |    60 ||   106
